 Dungeon Crawl Stone Soup version 0.26.1-11-gd32895ea62 (webtiles) character file.

Game seed: 16701061090911084432

902 MajorAdolf the Cleaver (level 8, -10/64 HPs)
             Began as a Naga Wanderer on July 21, 2021.
             Was an Initiate of Gozag.
             Mangled by an ogre
             ... wielding a +0 giant club
              (20 damage)
             ... on level 6 of the Dungeon.
             The game lasted 00:07:32 (7315 turns).

MajorAdolf the Cleaver (Naga Wanderer)              Turns: 7315, Time: 00:07:32

Health: -10/64     AC: 12    Str: 23    XL:     8   Next: 7%
Magic:  8/8        EV:  5    Int: 12    God:    Gozag
Gold:   272        SH:  0    Dex: 11    Spells: 7/7 levels left

rFire    . . .     SeeInvis +   x - +2 hand axe (vorpal)
rCold    . . .     Faith    .   (no shield)
rNeg     . . .     Spirit   .   b - +2 scale mail
rPois    +         Reflect  .   s - +0 hat
rElec    .         Harm     .   (no cloak)
rCorr    +         Rampage  .   (no gloves)
Will     +....                  C - -1 barding
Stlth    ..........             v - amulet of the acrobat
HPRegen  0.20/turn              i - ring of resist corrosion
MPRegen  0.11/turn              c - +6 ring of strength

@: mighty, hasted, quick
A: large, see invisible, deformed body, poison resistance, slowness 2, spit
poison 1, AC +2
a: Spit Poison, Renounce Religion, Potion Petition, Call Merchant, Bribe Branch


You were on level 6 of the Dungeon.
You worshipped Gozag.
Gozag was aware of your devotion.
You visited 2 branches of the dungeon, and saw 7 of its levels.

You collected 494 gold pieces.
You spent 180 gold pieces at shops.
You paid 42 gold pieces to Gozag.

Inventory:

Hand Weapons
 a - a +0 hunting sling
 q - a +0 dagger of venom
 t - a +0 war axe
 x - a +2 vorpal hand axe (weapon)
Missiles
 n - 8 javelins
 o - 83 sling bullets
Armour
 b - a +2 scale mail (worn)
 s - a +0 hat (worn)
 C - a -1 barding (worn)
Jewellery
 c - a +6 ring of strength (right hand)
 i - a ring of resist corrosion (left hand)
 j - an uncursed ring of stealth
 p - an uncursed ring of flight
 v - an amulet of the acrobat (around neck)
Wands
 k - a wand of paralysis (10)
Scrolls
 d - a scroll of amnesia
 e - 2 scrolls of remove curse
 f - 2 scrolls of identify
 y - a scroll of enchant armour {unknown}
 B - a scroll of noise {unknown}
Potions
 g - 3 potions of haste
 h - 4 potions of might
 l - 2 potions of brilliance {unknown}
 m - a potion of degeneration {unknown}
 r - a potion of magic {unknown}
 u - 2 potions of heal wounds {unknown}
 w - 3 potions of flight {unknown}
 z - a potion of curing


   Skills:
 - Level 1.0 Fighting
 + Level 9.0 Axes
 - Level 4.9 Armour
 - Level 1.5 Stealth
 - Level 1.0 Evocations


You had 7 spell levels left.
You didn't know any spells.
Your spell library was empty.

Dungeon Overview and Level Annotations

Branches:
Dungeon (6/15)             Temple (1/1) D:4

Altars:
Ashenzari
Cheibriados
Dithmenos
Elyvilon
Fedhas
Gozag
Hepliaklqana
Kikubaaqudgha
Makhleb
Nemelex Xobeh
Okawaru
Qazlal
Ru
Sif Muna
Trog
Uskayaw
Vehumet
Wu Jian
Xom
Yredelemnul
Zin
The Shining One

Shops:
D:5 *


Innate Abilities, Weirdness & Mutations

You cannot wear boots.
Your serpentine skin is tough. (AC +2)
You have supernaturally acute eyesight. (SInv)
Armour fits poorly on your strangely shaped body.
Your system is resistant to poisons. (rPois)
You cover ground very slowly.
You can spit poison.


Message History

The water moccasin bites you but does no damage.
The ogre hits you with a +0 giant spiked club!
* * * LOW HITPOINT WARNING * * *
The water moccasin barely misses you. The ogre misses you.
The water moccasin barely misses you. The ogre completely misses you.
The water moccasin bites you but does no damage.
The water moccasin completely misses you.
The water moccasin misses you.
Okay, then.
Okay, then.
It was a potion of haste.
You feel yourself speed up.
The water moccasin bites you but does no damage.
The water moccasin bites you.
* * * LOW HITPOINT WARNING * * *
It was a potion of might.
You feel very mighty all of a sudden.
The ogre hits you with a +0 giant club!!
You die...
Your body crumbles into a pile of gold.

### ##### ## .. .
...####..# .##
.......###.O.....#
..##
...........@#.....#
...#.........####SO#
#!...# # ##.O## ....##
####O.## ..#.#####
##....###
........###...........
..[..##.#............#
#.........#..........#
......#...#..........#


You could see a water moccasin and 3 ogres.

Vanquished Creatures
  3 ogres (D:5)
  A scorpion (D:4)
  A centaur zombie (D:5)
  2 orc priests (D:4)
  2 bullfrog skeletons (D:4)
  5 worker ants
  4 orc wizards
  2 hound skeletons
  7 adders
  An ooze (D:1)
  An adder skeleton (D:5)
  2 worms
  5 dart slugs
  5 leopard geckos
  19 orcs
  6 giant cockroaches
  7 goblins
  7 hobgoblins
  2 jackals (D:1)
  A quokka (D:5)
  A ball python (D:3)
  8 bats
  5 kobolds
  A leopard gecko zombie (D:5)
  10 rats
108 creatures vanquished.

Vanquished Creatures (others)
  An orc wizard (D:4)
1 creature vanquished.

Grand Total: 109 creatures vanquished

Notes
Turn   | Place    | Note
-------+----------+-------------------------------------------
     0 | D:1      | MajorAdolf the Naga Wanderer began the quest for the Orb.
     0 | D:1      | MajorAdolf set off with the following items: a +0 hand axe,
                  | a +2 scale mail, a potion of curing
     0 | D:1      | Reached XP level 1. HP: 18/18 MP: 1/1
   128 | D:1      | Reached skill level 2 in Axes
   128 | D:1      | Reached XP level 2. HP: 17/25 MP: 2/2
   871 | D:1      | Reached XP level 3. HP: 31/31 MP: 3/3
  1098 | D:1      | Reached skill level 3 in Axes
  1868 | D:2      | Reached XP level 4. HP: 38/38 MP: 4/4
  2440 | D:2      | Reached skill level 4 in Axes
  3193 | D:3      | Reached XP level 5. HP: 44/44 MP: 5/5
  3202 | D:3      | Found a faded altar of an unknown god.
  3340 | D:3      | Found a broken altar of Ashenzari.
  3735 | D:4      | Found a staircase to the Ecumenical Temple.
  3776 | Temple   | Entered the Ecumenical Temple
  4081 | Temple   | Became a worshipper of Gozag Ym Sagoz the Greedy
  4126 | D:4      | Reached skill level 5 in Axes
  4802 | D:4      | Reached XP level 6. HP: 49/51 MP: 6/6
  5000 | D:4      | Reached skill level 6 in Axes
  5369 | D:4      | Reached skill level 7 in Axes
  5369 | D:4      | Reached XP level 7. HP: 46/57 MP: 7/7
  5971 | D:5      | Entered Level 5 of the Dungeon
  6024 | D:5      | HP: 2/57 [ogre/+0 giant club (11)]
  6494 | D:5      | Reached skill level 8 in Axes
  6743 | D:5      | Found Jeisois's Lightly-Used Armoury.
  6882 | D:5      | Bought a -1 barding for 180 gold pieces
  6928 | D:5      | Reached XP level 8. HP: 42/64 MP: 8/8
  7088 | D:5      | Reached skill level 9 in Axes
  7315 | D:6      | Mangled by an ogre

Illustrated notes

Levels and vault maps discovered:
D:1:      minmay_arrival_jagged, layout_loops_cross, hangedman_feature_mirror
D:2:      layout_basic
D:3:      layout_rooms, lemuel_round_altar,
          chequers_ecumenical_altar_simple_redux, minmay_misc_feat_diagonals
D:4:      layout_basic, minmay_temple_entry_waves
D:5:      layout_basic, kennysheep_cross_bottleneck, minmay_shop_damaged
D:6:      layout_rooms, grunt_ministairs_9
Temple:   regret_index_temple_sigil_plot

Skill      XL: |  1  2  3  4  5  6  7  8 |
---------------+-------------------------+-----
Axes           | 2 3 4 5 7 8 9 |  9.0
Fighting       | |  1.0
Armour         | |  4.9
Stealth        | |  1.5
Evocations     | |  1.0

Action                   |  1- 3 |  4- 6 |  7- 9 || total
-------------------------+-------+-------+-------++-------
Melee: Hand axe          |   126 |    63 |   100 ||   289
       War axe           |       |   113 |       ||   113
 Abil: Spit Poison       |     2 |    14 |     6 ||    22
  Use: Scroll            |       |     7 |     1 ||     8
       Potion            |       |     1 |     2 ||     3
 Stab: Distracted        |       |       |     1 ||     1
Armor: Scale mail        |    71 |   105 |    47 ||   223
Dodge: Dodged            |    59 |    90 |    52 ||   201
